Monarchs vs Remparts
Created - December 27, 2018 at 19:12
Goals
|
| Monarchs |
3 |
0 |
3 |
6 |
| Remparts |
1 |
0 |
2 |
3 |
|
Shots
|
| Monarchs |
11 |
5 |
13 |
29 |
| Remparts |
8 |
10 |
13 |
31 |
|
1st period
1. Remparts , Pontus Aberg 16 (Ryan Strome 16) at 1:34
2. Monarchs , Chris Thorburn 5 (Brandon Saad 10, Will Butcher 7) at 11:21
3. Monarchs , Marko Dano 12 (Andre Burakovsky 20, Connor Brown 34) at 15:45
4. Monarchs , Daultan Leveillé 17 (Alec Martinez 7, Dennis Everberg 7) at 18:07
Penalties :
Pontus Aberg (Que) for Holding (Minor) at 19:53
2nd period
No Goal
Penalties :
Joel Armia (MAN) for Roughing (Minor) at 3:22, Brandon Saad (MAN) for Hooking (Minor) at 10:51
3rd period
5. Monarchs , Alec Martinez 2 (Jonathan Drouin 8) at 1:12
6. Monarchs , Andre Burakovsky 20 (Marko Dano 24, Morgan Rielly 8) at 3:49
7. Monarchs , Andre Burakovsky 21 (Connor Brown 35, Marko Dano 25) at 5:11
8. Remparts , Brandon Gormley 8 (Ryan Strome 17, Erik Gustafsson 11) at 8:31 (PP)
9. Remparts , Max Reinhart 13 (Ryan Strome 18, Pontus Aberg 15) at 19:47
Penalties :
Darnell Nurse (MAN) for Charging (Minor) at 8:16, Dennis Everberg (MAN) for Roughing (Minor) at 9:37, Darnell Nurse (MAN) for Cross-checking (Minor) at 17:46
Goalie Stats
Anders Lindback (MAN), 28 saves from 31 shots - (0.903), W, 13-6-2, 60:00 minutes
Tyler Plante (Que), 8 saves from 10 shots - (0.800), 18:48 minutes
Jason Missiaen (Que), 15 saves from 19 shots - (0.789), L, 12-7-1, 41:12 minutes
Players Stats for Monarchs
Player Name G A P +/- PIM S H SB GA TA FO MP PP MP PK MP
------------------------------------------------------------------------------------
Alec Martinez 1 1 2 4 0 4 1 0 0 0 0/0 18:09 0:00 3:20
Andre Burakovsky 2 1 3 2 0 4 4 0 0 0 0/0 16:49 0:58 0:00
Artturi Lehkonen 0 0 0 2 0 0 0 0 0 1 0/0 7:04 0:00 0:00
Brandon Saad 0 1 1 1 2 0 3 0 0 2 1/1 14:40 0:00 2:35
Chris Thorburn 1 0 1 1 0 4 1 0 0 0 0/0 11:49 0:01 0:00
Chris Tierney 0 0 0 -1 0 1 1 0 0 0 3/19 18:05 0:53 2:23
Connor Brown 0 2 2 2 0 2 4 1 0 0 1/2 16:52 0:59 0:00
Darnell Nurse 0 0 0 1 4 3 2 2 0 0 0/0 20:48 0:00 3:18
Daultan Leveillé 1 0 1 1 0 1 0 0 0 2 0/3 8:52 0:01 1:41
David Fischer 0 0 0 -1 0 1 1 1 1 0 0/0 20:55 0:00 3:10
Dennis Everberg 0 1 1 2 2 2 0 0 0 0 0/1 10:16 0:00 2:59
Jake McCabe 0 0 0 -1 0 2 0 1 0 0 0/0 22:47 1:06 3:58
Joel Armia 0 0 0 0 2 0 1 0 1 0 0/0 15:44 1:00 0:00
Jonathan Drouin 0 1 1 1 0 2 1 0 0 0 6/12 12:46 1:00 0:00
Kenndal McArdle 0 0 0 0 0 0 0 1 0 0 5/7 5:02 0:00 4:48
Marko Dano 1 2 3 2 0 1 3 0 1 0 6/14 17:04 0:58 0:09
Morgan Rielly 0 1 1 3 0 1 0 1 0 0 0/0 16:01 0:53 0:33
Teuvo Teravainen 0 0 0 0 0 0 3 0 1 1 1/1 17:36 1:00 1:47
Will Butcher 0 1 1 1 0 1 2 2 0 1 0/0 20:25 1:06 2:03
Players Stats for Remparts
Player Name G A P +/- PIM S H SB GA TA FO MP PP MP PK MP
------------------------------------------------------------------------------------
Anton Zlobin 0 0 0 -3 0 0 0 0 0 0 0/0 6:40 0:00 0:00
Brandon Gormley 1 0 1 -1 0 5 2 0 2 1 0/0 31:40 5:49 1:12
Brandon Mashinter 0 0 0 -1 0 2 0 0 2 0 4/7 12:17 0:12 0:32
Cédric Lalonde-McNicoll 0 0 0 0 0 1 2 3 0 0 9/14 17:45 4:04 0:26
Chris Mueller 0 0 0 -3 0 1 1 0 0 0 2/3 6:40 0:00 0:00
Daniel Paille 0 0 0 0 0 4 4 2 0 0 0/0 19:02 4:04 1:07
Erik Gustafsson 0 1 1 0 0 2 3 0 1 1 0/0 26:14 5:08 0:41
Griffin Reinhart 0 0 0 -3 0 2 0 0 0 2 0/0 20:53 2:34 0:50
Justin Williams 0 0 0 -1 0 0 3 0 1 0 1/1 11:48 0:07 0:00
Juuso Ikonen 0 0 0 -3 0 0 1 2 0 0 0/0 7:13 0:07 0:26
Max Reinhart 1 0 1 0 0 4 3 0 0 0 18/29 23:18 3:55 1:01
Michal Jordan 0 0 0 -4 0 2 3 2 0 0 0/0 23:11 1:58 0:47
Nail Yakupov 0 0 0 0 0 2 1 0 1 0 1/2 17:19 4:04 0:00
Niklas Hansson 0 0 0 0 0 0 0 1 0 0 0/0 3:21 0:00 0:00
Pontus Aberg 1 1 2 0 2 3 1 1 0 0 1/2 22:24 4:00 0:00
Roberts Lipsbergs 0 0 0 -1 0 0 4 0 0 0 1/1 11:30 0:00 0:00
Ryan Strome 0 3 3 0 0 3 3 1 0 0 0/1 22:35 4:00 0:26
Viktor Baldayev 0 0 0 0 0 0 2 0 0 0 0/0 14:10 0:53 0:28
3 Stars
1 - Andre Burakovsky (MAN)
2 - Marko Dano (MAN)
3 - Alec Martinez (MAN)
Power Play
Monarchs - 0 on 1 Attempt(s) - 0.00%
Remparts - 1 on 5 Attempt(s) - 20.00%
Penalty Kill
Monarchs - 4 on 5 Attempt(s) - 80.00%
- Score 0 goal in Penalty Kill
Remparts - 1 on 1 Attempt(s) - 100.00%
- Score 0 goal in Penalty Kill
Team Stat
Monarchs - Hits : 27 - Faceoff Wins : 23 - Blocked Shots : 9 - Penalty Minutes : 10
Remparts - Hits : 33 - Faceoff Wins : 37 - Blocked Shots : 12 - Penalty Minutes : 2
Official
Referees : Unknown
Linesman : Unknown
Game Notes
Niklas Hansson is injured at 12:35 of 1st period (Right Foot)
Tyler Plante enters game at 1:12 of 3rd period
Finance
Level 1 -- Attendance: 1595 (79.75%) -- Ticket Income $47,850
Level 2 -- Attendance: 720 (72.00%) -- Ticket Income $14,400
Total Attendance: 2315 (77.17%)
Total Ticket Income: $62,250
Other Income: $3,112
Total Income: $65,362
Monarchs
5 vs 5 Forward
Center Left Wing Right Wing Time % Phy DF OF
1 Marko Dano Andre Burakovsky Connor Brown 35 1 1 3
2 Chris Tierney Teuvo Teravainen Joel Armia 35 1 2 2
3 Jonathan Drouin Brandon Saad Chris Thorburn 25 1 2 2
4 Daultan Leveillé Artturi Lehkonen Dennis Everberg 5 1 2 2
5 vs 5 Defense
Defense Defense Time % Phy DF OF
1 Darnell Nurse Will Butcher 35 0 3 2
2 Jake McCabe David Fischer 35 0 3 2
3 Alec Martinez Morgan Rielly 30 0 3 2
4 Jake McCabe Will Butcher 0 1 3 1
PowerPlay Forward
Center Left Wing Right Wing Time % Phy DF OF
1 Marko Dano Andre Burakovsky Connor Brown 60 0 1 4
2 Jonathan Drouin Teuvo Teravainen Joel Armia 40 0 1 4
PowerPlay Defense
Defense Defense Time % Phy DF OF
1 Will Butcher Jake McCabe 60 0 2 3
2 Chris Tierney Morgan Rielly 40 0 2 3
Penalty Kill 4 Players Forward
Center Wing Time % Phy DF OF
1 Kenndal McArdle Dennis Everberg 60 0 4 1
2 Chris Tierney Daultan Leveillé 40 0 4 1
Penalty Kill 4 Players Defense
Defense Defense Time % Phy DF OF
1 Jake McCabe Darnell Nurse 60 0 5 0
2 Alec Martinez David Fischer 40 0 5 0
Penalty Kill - 3 Players Forward
Forward Time % Phy DF OF
1 Kenndal McArdle 60 1 4 0
2 Chris Tierney 40 1 4 0
Penalty Kill - 3 Players Defense
Defense Defense Time % Phy DF OF
1 Alec Martinez Darnell Nurse 60 0 5 0
2 Jake McCabe David Fischer 40 0 5 0
4 vs 4 Forward
Center Wing Time % Phy DF OF
1 Marko Dano Teuvo Teravainen 60 1 2 2
2 Connor Brown Brandon Saad 40 1 2 2
4 vs 4 Defense
Defense Defense Time % Phy DF OF
1 Alec Martinez Darnell Nurse 60 1 2 2
2 Jake McCabe Morgan Rielly 40 1 2 2
Last Minutes Offensive
Center Left Wing Right Wing Defense Defense
Marko Dano Teuvo Teravainen Connor Brown Jake McCabe Will Butcher
Last Minutes Defensive
Center Left Wing Right Wing Defense Defense
Chris Tierney Kenndal McArdle Chris Thorburn Jake McCabe Darnell Nurse
Goaltenders
Starting : Anders Lindback
Backup : Eric Comrie
Extra Forwards
Normal : Marko Dano, Chris Tierney, Teuvo Teravainen - PP : Daultan Leveillé, Chris Thorburn - PK : Brandon Saad
Extra Defensemen
Normal : Jake McCabe, Alec Martinez, Darnell Nurse - PP : Darnell Nurse - PK : Will Butcher, Morgan Rielly
Penalty Shots
Andre Burakovsky, Teuvo Teravainen, Marko Dano, Joel Armia, Kenndal McArdle
Scratches
Brian Boyle (Fractured Metatarsal (Right Foot) Injury), Andreas Athanasiou (Healthy), Christophe Lalancette (Healthy), Mike Hoffman (Healthy), Adam Tambellini (Healthy)
Andrei Mironov (Healthy), Jonas Junland (Healthy), Ryan White (Healthy), Anthony Peluso (Healthy), Tyler Beskorowany (Healthy)
Remparts
5 vs 5 Forward
Center Left Wing Right Wing Time % Phy DF OF
1 Max Reinhart Pontus Aberg Ryan Strome 40 1 2 2
2 Cédric Lalonde-McNicoll Daniel Paille Nail Yakupov 30 1 2 2
3 Brandon Mashinter Roberts Lipsbergs Justin Williams 20 1 2 2
4 Chris Mueller Juuso Ikonen Anton Zlobin 10 1 2 2
5 vs 5 Defense
Defense Defense Time % Phy DF OF
1 Brandon Gormley Erik Gustafsson 40 1 2 2
2 Griffin Reinhart Michal Jordan 30 1 2 2
3 Viktor Baldayev Niklas Hansson 20 1 2 2
4 Brandon Gormley Michal Jordan 10 1 2 2
PowerPlay Forward
Center Left Wing Right Wing Time % Phy DF OF
1 Max Reinhart Pontus Aberg Ryan Strome 60 1 2 2
2 Cédric Lalonde-McNicoll Daniel Paille Nail Yakupov 40 1 2 2
PowerPlay Defense
Defense Defense Time % Phy DF OF
1 Brandon Gormley Erik Gustafsson 60 1 2 2
2 Michal Jordan Griffin Reinhart 40 1 2 2
Penalty Kill 4 Players Forward
Center Wing Time % Phy DF OF
1 Max Reinhart Daniel Paille 60 1 2 2
2 Cédric Lalonde-McNicoll Ryan Strome 40 1 2 2
Penalty Kill 4 Players Defense
Defense Defense Time % Phy DF OF
1 Brandon Gormley Niklas Hansson 60 1 2 2
2 Erik Gustafsson Michal Jordan 40 1 2 2
Penalty Kill - 3 Players Forward
Forward Time % Phy DF OF
1 Max Reinhart 60 1 2 2
2 Cédric Lalonde-McNicoll 40 1 2 2
Penalty Kill - 3 Players Defense
Defense Defense Time % Phy DF OF
1 Brandon Gormley Niklas Hansson 60 1 2 2
2 Erik Gustafsson Michal Jordan 40 1 2 2
4 vs 4 Forward
Center Wing Time % Phy DF OF
1 Max Reinhart Pontus Aberg 60 1 2 2
2 Cédric Lalonde-McNicoll Ryan Strome 40 1 2 2
4 vs 4 Defense
Defense Defense Time % Phy DF OF
1 Brandon Gormley Erik Gustafsson 60 1 2 2
2 Michal Jordan Griffin Reinhart 40 1 2 2
Last Minutes Offensive
Center Left Wing Right Wing Defense Defense
Max Reinhart Pontus Aberg Ryan Strome Brandon Gormley Erik Gustafsson
Last Minutes Defensive
Center Left Wing Right Wing Defense Defense
Max Reinhart Daniel Paille Ryan Strome Brandon Gormley Niklas Hansson
Goaltenders
Starting : Jason Missiaen
Backup : Tyler Plante
Extra Forwards
Normal : Ryan Strome, Nail Yakupov, Max Reinhart - PP : Nail Yakupov, Ryan Strome - PK : Brandon Mashinter
Extra Defensemen
Normal : Griffin Reinhart, Brandon Gormley, Michal Jordan - PP : Griffin Reinhart - PK : Griffin Reinhart, Michal Jordan
Penalty Shots
Daniel Paille, Ryan Strome, Max Reinhart, Brandon Mashinter, Pontus Aberg
Scratches
Michael Downing (Healthy), Keaton Thompson (Healthy), Guillaume Desbiens (Sprained Left Finger Injury), Kyle Platzer (Healthy), Connor Honey (Healthy)
Mitchell Heard (Healthy), Tim Bozon (Healthy), Igor Bobkov (Healthy), François Brassard (Healthy)
% Time on Ice - Monarchs
Lines # - Real PCT - Wanted PCT - Time Play
Normal Forward
1 - 33% - 35% - 16:13
2 - 30% - 35% - 14:47
3 - 24% - 25% - 11:46
4 - 14% - 5% - 7:04
Normal Defense
1 - 35% - 35% - 17:32
2 - 36% - 35% - 17:47
3 - 29% - 30% - 14:31
4 - 0% - 0% - 0:00
PP Forward
1 - 50% - 60% - 0:59
2 - 50% - 40% - 1:00
PP Defense
1 - 55% - 60% - 1:06
2 - 45% - 40% - 0:53
PK Forward
1 - 79% - 60% - 6:30
2 - 21% - 40% - 1:41
PK Defense
1 - 59% - 60% - 4:51
2 - 41% - 40% - 3:20
PK3 Forward
1 - 0% - 60%
2 - 0% - 40%
PK3 Defense
1 - 0% - 60%
2 - 0% - 40%
44 Forward
1 - 0% - 60%
2 - 0% - 40%
44 Defense
1 - 0% - 60%
2 - 0% - 40%
Last Minute Offensive - 0:00
Last Minute Defensive - 0:00
Total
Forward - 60:00
Defense - 60:00
|
% Time on Ice - Remparts
Lines # - Real PCT - Wanted PCT - Time Play
Normal Forward
1 - 37% - 40% - 18:25
2 - 27% - 30% - 13:15
3 - 23% - 20% - 11:30
4 - 13% - 10% - 6:40
Normal Defense
1 - 38% - 40% - 18:55
2 - 30% - 30% - 14:54
3 - 27% - 20% - 13:24
4 - 5% - 10% - 2:37
PP Forward
1 - 50% - 60% - 4:07
2 - 50% - 40% - 4:04
PP Defense
1 - 76% - 60% - 6:13
2 - 24% - 40% - 1:58
PK Forward
1 - 78% - 60% - 1:33
2 - 22% - 40% - 0:26
PK Defense
1 - 66% - 60% - 1:18
2 - 34% - 40% - 0:41
PK3 Forward
1 - 0% - 60%
2 - 0% - 40%
PK3 Defense
1 - 0% - 60%
2 - 0% - 40%
44 Forward
1 - 0% - 60%
2 - 0% - 40%
44 Defense
1 - 0% - 60%
2 - 0% - 40%
Last Minute Offensive - 0:00
Last Minute Defensive - 0:00
Total
Forward - 60:00
Defense - 60:00
|
Play by Play
1st period
0:01 of 1st period - Max Reinhart wins face-off versus Marko Dano in neutral zone.
0:16 of 1st period - Snap shot by Marko Dano.
0:16 of 1st period - Shot Misses the Net.
1:34 of 1st period - Snap shot by Pontus Aberg.
1:34 of 1st period - Goal by Pontus Aberg - Monarchs : 0 - Remparts : 1.
1:35 of 1st period - Cédric Lalonde-McNicoll wins face-off versus Chris Tierney in neutral zone.
2:20 of 1st period - Snap shot by Justin Williams.
2:20 of 1st period - Shot Misses the Net.
2:22 of 1st period - Slapshot by Brandon Mashinter.
2:22 of 1st period - Shot Misses the Net.
2:24 of 1st period - Slapshot by Brandon Gormley.
2:24 of 1st period - Stopped by Anders Lindback without a rebound.
2:25 of 1st period - Justin Williams wins face-off versus Chris Tierney in Monarchs zone.
3:21 of 1st period - Slapshot by Daultan Leveillé.
3:21 of 1st period - Shot Blocked by Daniel Paille.
3:23 of 1st period - Wrist shot by Alec Martinez.
3:23 of 1st period - Deflect By Dennis Everberg.
3:23 of 1st period - Shot Blocked by Cédric Lalonde-McNicoll.
3:23 of 1st period - Puck is out of play.
3:24 of 1st period - Chris Tierney wins face-off versus Max Reinhart in Remparts zone.
3:29 of 1st period - Slapshot by Will Butcher.
3:29 of 1st period - Shot Blocked by Michal Jordan.
3:31 of 1st period - Slapshot by Darnell Nurse.
3:31 of 1st period - Stopped by Jason Missiaen without a rebound.
3:32 of 1st period - Chris Tierney wins face-off versus Ryan Strome in Remparts zone.
3:41 of 1st period - Slapshot by Will Butcher.
3:41 of 1st period - Stopped by Jason Missiaen with a rebound.
4:58 of 1st period - Wrist shot by Pontus Aberg.
4:58 of 1st period - Stopped by Anders Lindback without a rebound.
4:59 of 1st period - Marko Dano wins face-off versus Cédric Lalonde-McNicoll in Monarchs zone.
5:24 of 1st period - Niklas Hansson is hit by Alec Martinez and loses puck.
6:37 of 1st period - Alec Martinez is hit by Cédric Lalonde-McNicoll and loses puck.
6:54 of 1st period - Griffin Reinhart is hit by Andre Burakovsky.
6:58 of 1st period - Marko Dano is hit by Viktor Baldayev and loses puck.
7:05 of 1st period - Daniel Paille is hit by Connor Brown and loses puck.
7:12 of 1st period - Daniel Paille is hit by Darnell Nurse and loses puck.
7:19 of 1st period - Snap shot by Andre Burakovsky.
7:19 of 1st period - Stopped by Jason Missiaen without a rebound.
7:20 of 1st period - Jonathan Drouin wins face-off versus Brandon Mashinter in Remparts zone.
7:21 of 1st period - Snap shot by Chris Thorburn.
7:21 of 1st period - Shot Misses the Net.
7:23 of 1st period - Snap shot by Jake McCabe.
7:23 of 1st period - Shot Misses the Net.
7:35 of 1st period - Slapshot by Chris Thorburn.
7:35 of 1st period - Stopped by Jason Missiaen without a rebound.
7:36 of 1st period - Max Reinhart wins face-off versus Chris Tierney in Remparts zone.
7:51 of 1st period - Wrist shot by Ryan Strome.
7:51 of 1st period - Shot Misses the Net.
8:51 of 1st period - Slapshot by Jake McCabe.
8:51 of 1st period - Stopped by Jason Missiaen without a rebound.
8:52 of 1st period - Teuvo Teravainen wins face-off versus Max Reinhart in Remparts zone.
8:53 of 1st period - Snap shot by Chris Tierney.
8:53 of 1st period - Shot Misses the Net.
9:07 of 1st period - Will Butcher is hit by Ryan Strome and loses puck.
10:06 of 1st period - Snap shot by Daultan Leveillé.
10:06 of 1st period - Shot Blocked by Juuso Ikonen.
10:10 of 1st period - Snap shot by Dennis Everberg.
10:10 of 1st period - Stopped by Jason Missiaen with a rebound.
10:21 of 1st period - Off-side.
10:22 of 1st period - Max Reinhart wins face-off versus Chris Tierney in neutral zone.
10:53 of 1st period - Snap shot by Ryan Strome.
10:53 of 1st period - Stopped by Anders Lindback without a rebound.
10:54 of 1st period - Cédric Lalonde-McNicoll wins face-off versus Marko Dano in Monarchs zone.
11:21 of 1st period - Snap shot by Chris Thorburn.
11:21 of 1st period - Goal by Chris Thorburn - Monarchs : 1 - Remparts : 1.
11:22 of 1st period - Max Reinhart wins face-off versus Jonathan Drouin in neutral zone.
11:44 of 1st period - Icing by Max Reinhart.
11:45 of 1st period - Cédric Lalonde-McNicoll wins face-off versus Marko Dano in Remparts zone.
12:00 of 1st period - Daniel Paille is hit by Andre Burakovsky and loses puck.
12:17 of 1st period - Snap shot by Max Reinhart.
12:17 of 1st period - Stopped by Anders Lindback with a rebound.
12:19 of 1st period - Wrist shot by Brandon Gormley.
12:19 of 1st period - Stopped by Anders Lindback with a rebound.
12:35 of 1st period - Slapshot by Joel Armia.
12:35 of 1st period - Shot Blocked by Niklas Hansson.
12:35 of 1st period - Niklas Hansson from Remparts is injured at 12:35 of 1st period (Right Foot).
12:36 of 1st period - Max Reinhart wins face-off versus Marko Dano in Remparts zone.
12:36 of 1st period - Max Reinhart is hit by Marko Dano.
13:01 of 1st period - Chris Tierney is hit by Daniel Paille and loses puck.
14:00 of 1st period - Slapshot by Marko Dano.
14:00 of 1st period - Shot Misses the Net.
14:04 of 1st period - Slapshot by Connor Brown.
14:04 of 1st period - Shot Hit the Post.
14:06 of 1st period - Slapshot by Darnell Nurse.
14:06 of 1st period - Stopped by Jason Missiaen with a rebound.
14:08 of 1st period - Snap shot by Marko Dano.
14:08 of 1st period - Shot Misses the Net.
14:10 of 1st period - Snap shot by Connor Brown.
14:10 of 1st period - Shot Hit the Post.
14:29 of 1st period - Wrist shot by Cédric Lalonde-McNicoll.
14:29 of 1st period - Deflect By Nail Yakupov.
14:29 of 1st period - Shot Misses the Net.
14:29 of 1st period - Puck is out of play.
14:30 of 1st period - Marko Dano wins face-off versus Cédric Lalonde-McNicoll in Monarchs zone.
14:57 of 1st period - Max Reinhart is hit by Joel Armia and loses puck.
15:20 of 1st period - Brandon Saad is hit by Roberts Lipsbergs and loses puck.
15:45 of 1st period - Snap shot by Andre Burakovsky.
15:45 of 1st period - Deflect By Marko Dano.
15:45 of 1st period - Goal by Marko Dano - Monarchs : 2 - Remparts : 1.
15:46 of 1st period - Max Reinhart wins face-off versus Chris Tierney in neutral zone.
16:13 of 1st period - Erik Gustafsson is hit by Marko Dano and loses puck.
16:48 of 1st period - Off-side.
16:49 of 1st period - Max Reinhart wins face-off versus Jonathan Drouin in neutral zone.
17:20 of 1st period - Wrist shot by Daniel Paille.
17:20 of 1st period - Shot Misses the Net.
17:26 of 1st period - Daniel Paille is hit by Teuvo Teravainen.
18:05 of 1st period - Snap shot by Dennis Everberg.
18:05 of 1st period - Stopped by Jason Missiaen with a rebound.
18:07 of 1st period - Slapshot by Alec Martinez.
18:07 of 1st period - Deflect By Daultan Leveillé.
18:07 of 1st period - Goal by Daultan Leveillé - Monarchs : 3 - Remparts : 1.
18:08 of 1st period - Max Reinhart wins face-off versus Chris Tierney in neutral zone.
18:38 of 1st period - David Fischer is hit by Ryan Strome.
18:44 of 1st period - Wrist shot by Chris Thorburn.
18:44 of 1st period - Shot Misses the Net.
18:56 of 1st period - Andre Burakovsky is hit by Erik Gustafsson.
19:08 of 1st period - Slapshot by Brandon Gormley.
19:08 of 1st period - Shot Blocked by Will Butcher.
19:10 of 1st period - Slapshot by Erik Gustafsson.
19:10 of 1st period - Deflect By Connor Brown.
19:10 of 1st period - Stopped by Anders Lindback with a rebound.
19:16 of 1st period - Slapshot by Ryan Strome.
19:16 of 1st period - Stopped by Anders Lindback with a rebound.
19:24 of 1st period - Snap shot by Brandon Gormley.
19:24 of 1st period - Shot Misses the Net.
19:53 of 1st period - Minor Penalty to Pontus Aberg for Holding.
19:54 of 1st period - Jonathan Drouin wins face-off versus Brandon Mashinter in Remparts zone.
Goals for this period are 3 for Monarchs vs 1 for Remparts.
Shots for this period are 11 for Monarchs vs 8 for Remparts.
2nd period
0:01 of 2nd period - Marko Dano wins face-off versus Max Reinhart in neutral zone.
1:10 of 2nd period - Marko Dano is hit by Michal Jordan.
1:53 of 2nd period - Penalty to Pontus Aberg is over, Pontus Aberg is back on ice.
2:04 of 2nd period - Snap shot by Jake McCabe.
2:04 of 2nd period - Shot Blocked by Daniel Paille.
2:07 of 2nd period - Icing by Michal Jordan.
2:08 of 2nd period - Max Reinhart wins face-off versus Dennis Everberg in Remparts zone.
2:15 of 2nd period - Snap shot by Daniel Paille.
2:15 of 2nd period - Shot Misses the Net.
2:21 of 2nd period - Pontus Aberg is hit by David Fischer and loses puck.
2:36 of 2nd period - David Fischer is hit by Justin Williams and loses puck.
2:54 of 2nd period - Jake McCabe is hit by Justin Williams and loses puck.
3:11 of 2nd period - Slapshot by Justin Williams.
3:11 of 2nd period - Shot Misses the Net.
3:13 of 2nd period - Snap shot by Brandon Mashinter.
3:13 of 2nd period - Stopped by Anders Lindback with a rebound.
3:15 of 2nd period - Backhand shot by Erik Gustafsson.
3:15 of 2nd period - Stopped by Anders Lindback with a rebound.
3:22 of 2nd period - Minor Penalty to Joel Armia for Roughing.
3:23 of 2nd period - Kenndal McArdle wins face-off versus Pontus Aberg in Monarchs zone.
3:23 of 2nd period - Kenndal McArdle is hit by Max Reinhart.
3:48 of 2nd period - Dennis Everberg is hit by Nail Yakupov and loses puck.
5:22 of 2nd period - Penalty to Joel Armia is over, Joel Armia is back on ice.
5:29 of 2nd period - Wrist shot by Connor Brown.
5:29 of 2nd period - Stopped by Jason Missiaen without a rebound.
5:30 of 2nd period - Chris Mueller wins face-off versus Connor Brown in Remparts zone.
5:37 of 2nd period - Marko Dano is hit by Chris Mueller and loses puck.
5:44 of 2nd period - Juuso Ikonen is hit by Andre Burakovsky and loses puck.
6:18 of 2nd period - Off-side.
6:19 of 2nd period - Cédric Lalonde-McNicoll wins face-off versus Daultan Leveillé in neutral zone.
6:22 of 2nd period - Wrist shot by Nail Yakupov.
6:22 of 2nd period - Stopped by Anders Lindback without a rebound.
6:23 of 2nd period - Cédric Lalonde-McNicoll wins face-off versus Chris Tierney in Monarchs zone.
6:50 of 2nd period - Snap shot by Pontus Aberg.
6:50 of 2nd period - Deflect By Will Butcher.
6:50 of 2nd period - Stopped by Anders Lindback without a rebound.
6:51 of 2nd period - Connor Brown wins face-off versus Max Reinhart in Monarchs zone.
7:16 of 2nd period - Max Reinhart is hit by Brandon Saad.
8:19 of 2nd period - Slapshot by Michal Jordan.
8:19 of 2nd period - Stopped by Anders Lindback without a rebound.
8:20 of 2nd period - Brandon Mashinter wins face-off versus Daultan Leveillé in Monarchs zone.
8:55 of 2nd period - Slapshot by Joel Armia.
8:55 of 2nd period - Shot Misses the Net.
9:09 of 2nd period - Brandon Gormley is hit by Jonathan Drouin and loses puck.
9:18 of 2nd period - Wrist shot by Ryan Strome.
9:18 of 2nd period - Shot Misses the Net.
9:45 of 2nd period - Off-side.
9:46 of 2nd period - Cédric Lalonde-McNicoll wins face-off versus Daultan Leveillé in neutral zone.
10:11 of 2nd period - Pontus Aberg is hit by Teuvo Teravainen and loses puck.
10:16 of 2nd period - Wrist shot by Teuvo Teravainen.
10:16 of 2nd period - Shot Misses the Net.
10:42 of 2nd period - Snap shot by Brandon Mashinter.
10:42 of 2nd period - Stopped by Anders Lindback with a rebound.
10:44 of 2nd period - Slapshot by Michal Jordan.
10:44 of 2nd period - Deflect By Andre Burakovsky.
10:44 of 2nd period - Stopped by Anders Lindback without a rebound.
10:45 of 2nd period - Cédric Lalonde-McNicoll wins face-off versus Jonathan Drouin in Monarchs zone.
10:51 of 2nd period - Minor Penalty to Brandon Saad for Hooking.
10:52 of 2nd period - Kenndal McArdle wins face-off versus Max Reinhart in Monarchs zone.
10:52 of 2nd period - Kenndal McArdle is hit by Erik Gustafsson.
11:03 of 2nd period - Slapshot by Jake McCabe.
11:03 of 2nd period - Stopped by Jason Missiaen with a rebound.
11:05 of 2nd period - Wrist shot by Jake McCabe.
11:05 of 2nd period - Shot Blocked by Pontus Aberg.
11:07 of 2nd period - Slapshot by Darnell Nurse.
11:07 of 2nd period - Shot Misses the Net.
11:19 of 2nd period - Kenndal McArdle is hit by Daniel Paille.
11:23 of 2nd period - Wrist shot by Daniel Paille.
11:23 of 2nd period - Shot Misses the Net.
11:25 of 2nd period - Snap shot by Cédric Lalonde-McNicoll.
11:25 of 2nd period - Stopped by Anders Lindback with a rebound.
11:27 of 2nd period - Wrist shot by Daniel Paille.
11:27 of 2nd period - Stopped by Anders Lindback with a rebound.
11:47 of 2nd period - Chris Tierney is hit by Michal Jordan and loses puck.
12:51 of 2nd period - Penalty to Brandon Saad is over, Brandon Saad is back on ice.
13:08 of 2nd period - Snap shot by Jonathan Drouin.
13:08 of 2nd period - Stopped by Jason Missiaen without a rebound.
13:09 of 2nd period - Brandon Mashinter wins face-off versus Marko Dano in Remparts zone.
13:24 of 2nd period - Andre Burakovsky is hit by Roberts Lipsbergs and loses puck.
13:35 of 2nd period - Viktor Baldayev is hit by Brandon Saad.
13:39 of 2nd period - Brandon Saad is hit by Juuso Ikonen and loses puck.
13:46 of 2nd period - Slapshot by Morgan Rielly.
13:46 of 2nd period - Deflect By Viktor Baldayev.
13:46 of 2nd period - Stopped by Jason Missiaen with a rebound.
13:48 of 2nd period - Backhand shot by Will Butcher.
13:48 of 2nd period - Shot Blocked by Juuso Ikonen.
14:20 of 2nd period - Griffin Reinhart is hit by Will Butcher and loses puck.
15:02 of 2nd period - Morgan Rielly is hit by Ryan Strome and loses puck.
15:27 of 2nd period - Will Butcher is hit by Erik Gustafsson and loses puck.
15:42 of 2nd period - Snap shot by Daniel Paille.
15:42 of 2nd period - Shot Blocked by Darnell Nurse.
16:06 of 2nd period - Icing by Marko Dano.
16:07 of 2nd period - Jonathan Drouin wins face-off versus Nail Yakupov in Monarchs zone.
16:12 of 2nd period - Brandon Saad is hit by Michal Jordan and loses puck.
16:32 of 2nd period - Alec Martinez is hit by Viktor Baldayev and loses puck.
16:53 of 2nd period - Alec Martinez is hit by Brandon Gormley and loses puck.
17:28 of 2nd period - Slapshot by Chris Thorburn.
17:28 of 2nd period - Stopped by Jason Missiaen without a rebound.
17:29 of 2nd period - Brandon Mashinter wins face-off versus Jonathan Drouin in Remparts zone.
17:54 of 2nd period - Pontus Aberg is hit by Chris Tierney and loses puck.
18:29 of 2nd period - Michal Jordan is hit by Andre Burakovsky and loses puck.
19:14 of 2nd period - Alec Martinez is hit by Daniel Paille and loses puck.
19:51 of 2nd period - Slapshot by Griffin Reinhart.
19:51 of 2nd period - Stopped by Anders Lindback with a rebound.
Goals for this period are 0 for Monarchs vs 0 for Remparts.
Shots for this period are 5 for Monarchs vs 10 for Remparts.
3rd period
0:01 of 3rd period - Max Reinhart wins face-off versus Chris Tierney in neutral zone.
0:16 of 3rd period - Slapshot by Darnell Nurse.
0:16 of 3rd period - Stopped by Jason Missiaen with a rebound.
0:26 of 3rd period - Snap shot by Andre Burakovsky.
0:26 of 3rd period - Stopped by Jason Missiaen with a rebound.
0:51 of 3rd period - Justin Williams is hit by Brandon Saad and loses puck.
1:12 of 3rd period - Slapshot by Alec Martinez.
1:12 of 3rd period - Deflect By Chris Mueller.
1:12 of 3rd period - Goal by Alec Martinez - Monarchs : 4 - Remparts : 1.
1:12 of 3rd period - Tyler Plante enters game.
1:13 of 3rd period - Max Reinhart wins face-off versus Chris Tierney in neutral zone.
1:59 of 3rd period - Slapshot by Griffin Reinhart.
1:59 of 3rd period - Deflect By Chris Mueller.
1:59 of 3rd period - Stopped by Anders Lindback without a rebound.
2:00 of 3rd period - Jonathan Drouin wins face-off versus Chris Mueller in Monarchs zone.
2:09 of 3rd period - Backhand shot by David Fischer.
2:09 of 3rd period - Stopped by Tyler Plante with a rebound.
2:15 of 3rd period - Snap shot by Chris Thorburn.
2:15 of 3rd period - Shot Misses the Net.
2:53 of 3rd period - Slapshot by Michal Jordan.
2:53 of 3rd period - Deflect By Daniel Paille.
2:53 of 3rd period - Shot Misses the Net.
2:53 of 3rd period - Puck is out of play.
2:54 of 3rd period - Marko Dano wins face-off versus Max Reinhart in Monarchs zone.
2:54 of 3rd period - Marko Dano is hit by Pontus Aberg.
3:02 of 3rd period - Wrist shot by Connor Brown.
3:02 of 3rd period - Stopped by Tyler Plante without a rebound.
3:03 of 3rd period - Max Reinhart wins face-off versus Marko Dano in Remparts zone.
3:39 of 3rd period - Wrist shot by Alec Martinez.
3:39 of 3rd period - Shot Blocked by Ryan Strome.
3:41 of 3rd period - Slapshot by Morgan Rielly.
3:41 of 3rd period - Shot Blocked by Michal Jordan.
3:43 of 3rd period - Slapshot by Alec Martinez.
3:43 of 3rd period - Stopped by Tyler Plante with a rebound.
3:45 of 3rd period - Slapshot by Morgan Rielly.
3:45 of 3rd period - Shot Misses the Net.
3:47 of 3rd period - Snap shot by Marko Dano.
3:47 of 3rd period - Shot Misses the Net.
3:49 of 3rd period - Snap shot by Andre Burakovsky.
3:49 of 3rd period - Goal by Andre Burakovsky - Monarchs : 5 - Remparts : 1.
3:50 of 3rd period - Chris Tierney wins face-off versus Cédric Lalonde-McNicoll in neutral zone.
3:53 of 3rd period - Wrist shot by Joel Armia.
3:53 of 3rd period - Shot Misses the Net.
4:05 of 3rd period - Snap shot by Daniel Paille.
4:05 of 3rd period - Stopped by Anders Lindback with a rebound.
4:15 of 3rd period - Justin Williams is hit by Will Butcher and loses puck.
4:22 of 3rd period - Will Butcher is hit by Roberts Lipsbergs and loses puck.
4:35 of 3rd period - Snap shot by Max Reinhart.
4:35 of 3rd period - Deflect By Ryan Strome.
4:35 of 3rd period - Shot Blocked by Connor Brown.
4:35 of 3rd period - Puck is out of play.
4:36 of 3rd period - Marko Dano wins face-off versus Max Reinhart in Monarchs zone.
4:49 of 3rd period - Slapshot by Erik Gustafsson.
4:49 of 3rd period - Shot Misses the Net.
5:11 of 3rd period - Snap shot by Andre Burakovsky.
5:11 of 3rd period - Goal by Andre Burakovsky - Monarchs : 6 - Remparts : 1.
5:12 of 3rd period - Cédric Lalonde-McNicoll wins face-off versus Chris Tierney in neutral zone.
6:04 of 3rd period - Snap shot by Chris Thorburn.
6:04 of 3rd period - Stopped by Tyler Plante without a rebound.
6:05 of 3rd period - Roberts Lipsbergs wins face-off versus Jonathan Drouin in Remparts zone.
6:18 of 3rd period - Icing by Justin Williams.
6:19 of 3rd period - Brandon Mashinter wins face-off versus Chris Tierney in Remparts zone.
6:28 of 3rd period - Wrist shot by Chris Tierney.
6:28 of 3rd period - Shot Misses the Net.
6:30 of 3rd period - Snap shot by Chris Tierney.
6:30 of 3rd period - Stopped by Tyler Plante with a rebound.
6:32 of 3rd period - Slapshot by Alec Martinez.
6:32 of 3rd period - Stopped by Tyler Plante with a rebound.
6:34 of 3rd period - Slapshot by Alec Martinez.
6:34 of 3rd period - Stopped by Tyler Plante without a rebound.
6:35 of 3rd period - Nail Yakupov wins face-off versus Marko Dano in Remparts zone.
6:35 of 3rd period - Nail Yakupov is hit by Connor Brown.
7:00 of 3rd period - Max Reinhart is hit by Teuvo Teravainen and loses puck.
7:18 of 3rd period - Off-side.
7:19 of 3rd period - Chris Mueller wins face-off versus Jonathan Drouin in neutral zone.
8:16 of 3rd period - Minor Penalty to Darnell Nurse for Charging.
8:17 of 3rd period - Kenndal McArdle wins face-off versus Max Reinhart in Monarchs zone.
8:27 of 3rd period - Snap shot by Ryan Strome.
8:27 of 3rd period - Stopped by Anders Lindback with a rebound.
8:29 of 3rd period - Snap shot by Brandon Gormley.
8:29 of 3rd period - Shot Misses the Net.
8:31 of 3rd period - Slapshot by Brandon Gormley.
8:31 of 3rd period - Goal by Brandon Gormley - Monarchs : 6 - Remparts : 2.
8:32 of 3rd period - Cédric Lalonde-McNicoll wins face-off versus Chris Tierney in neutral zone.
8:49 of 3rd period - Erik Gustafsson is hit by Darnell Nurse and loses puck.
9:37 of 3rd period - Minor Penalty to Dennis Everberg for Roughing.
9:38 of 3rd period - Max Reinhart wins face-off versus Kenndal McArdle in Monarchs zone.
10:05 of 3rd period - Snap shot by Daniel Paille.
10:05 of 3rd period - Deflect By Nail Yakupov.
10:05 of 3rd period - Shot Blocked by Kenndal McArdle.
10:05 of 3rd period - Puck is out of play.
10:06 of 3rd period - Kenndal McArdle wins face-off versus Cédric Lalonde-McNicoll in Monarchs zone.
10:26 of 3rd period - Off-side.
10:27 of 3rd period - Kenndal McArdle wins face-off versus Max Reinhart in neutral zone.
10:46 of 3rd period - Slapshot by Brandon Gormley.
10:46 of 3rd period - Stopped by Anders Lindback with a rebound.
10:48 of 3rd period - Slapshot by Pontus Aberg.
10:48 of 3rd period - Shot Misses the Net.
10:50 of 3rd period - Wrist shot by Max Reinhart.
10:50 of 3rd period - Stopped by Anders Lindback without a rebound.
10:51 of 3rd period - Max Reinhart wins face-off versus Chris Tierney in Monarchs zone.
10:58 of 3rd period - Slapshot by Griffin Reinhart.
10:58 of 3rd period - Stopped by Anders Lindback without a rebound.
10:59 of 3rd period - Brandon Saad wins face-off versus Max Reinhart in Monarchs zone.
11:37 of 3rd period - Penalty to Dennis Everberg is over, Dennis Everberg is back on ice.
11:40 of 3rd period - Slapshot by Daniel Paille.
11:40 of 3rd period - Shot Hit the Post.
11:42 of 3rd period - Wrist shot by Daniel Paille.
11:42 of 3rd period - Stopped by Anders Lindback with a rebound.
11:44 of 3rd period - Slapshot by Nail Yakupov.
11:44 of 3rd period - Shot Blocked by Darnell Nurse.
11:46 of 3rd period - Snap shot by Daniel Paille.
11:46 of 3rd period - Stopped by Anders Lindback with a rebound.
11:48 of 3rd period - Snap shot by Cédric Lalonde-McNicoll.
11:48 of 3rd period - Shot Misses the Net.
11:50 of 3rd period - Wrist shot by Nail Yakupov.
11:50 of 3rd period - Stopped by Anders Lindback without a rebound.
11:51 of 3rd period - Max Reinhart wins face-off versus Chris Tierney in Monarchs zone.
12:04 of 3rd period - Slapshot by Alec Martinez.
12:04 of 3rd period - Shot Misses the Net.
12:16 of 3rd period - Justin Williams is hit by Connor Brown and loses puck.
12:34 of 3rd period - Michal Jordan is hit by Connor Brown and loses puck.
13:08 of 3rd period - Off-side.
13:09 of 3rd period - Max Reinhart wins face-off versus Marko Dano in neutral zone.
13:35 of 3rd period - David Fischer is hit by Cédric Lalonde-McNicoll.
13:43 of 3rd period - Icing by Nail Yakupov.
13:44 of 3rd period - Jonathan Drouin wins face-off versus Cédric Lalonde-McNicoll in Remparts zone.
13:45 of 3rd period - Wrist shot by Chris Thorburn.
13:45 of 3rd period - Shot Misses the Net.
13:47 of 3rd period - Slapshot by Will Butcher.
13:47 of 3rd period - Shot Blocked by Cédric Lalonde-McNicoll.
13:53 of 3rd period - Wrist shot by Brandon Saad.
13:53 of 3rd period - Shot Blocked by Cédric Lalonde-McNicoll.
13:55 of 3rd period - Wrist shot by Jonathan Drouin.
13:55 of 3rd period - Shot Misses the Net.
13:57 of 3rd period - Snap shot by Jonathan Drouin.
13:57 of 3rd period - Stopped by Tyler Plante without a rebound.
13:58 of 3rd period - Max Reinhart wins face-off versus Chris Tierney in Remparts zone.
14:25 of 3rd period - Andre Burakovsky is hit by Daniel Paille and loses puck.
14:39 of 3rd period - Brandon Gormley is hit by Marko Dano and loses puck.
15:32 of 3rd period - Alec Martinez is hit by Max Reinhart and loses puck.
15:53 of 3rd period - Snap shot by Max Reinhart.
15:53 of 3rd period - Stopped by Anders Lindback without a rebound.
15:54 of 3rd period - Jonathan Drouin wins face-off versus Brandon Mashinter in Monarchs zone.
15:54 of 3rd period - Jonathan Drouin is hit by Roberts Lipsbergs.
16:14 of 3rd period - Slapshot by Justin Williams.
16:14 of 3rd period - Shot Misses the Net.
16:16 of 3rd period - Snap shot by Justin Williams.
16:16 of 3rd period - Shot Blocked by David Fischer.
16:32 of 3rd period - Jonathan Drouin is hit by Justin Williams and loses puck.
17:01 of 3rd period - Roberts Lipsbergs is hit by Chris Thorburn and loses puck.
17:20 of 3rd period - Wrist shot by Justin Williams.
17:20 of 3rd period - Deflect By Roberts Lipsbergs.
17:20 of 3rd period - Shot Misses the Net.
17:20 of 3rd period - Puck is out of play.
17:21 of 3rd period - Pontus Aberg wins face-off versus Chris Tierney in Monarchs zone.
17:46 of 3rd period - Minor Penalty to Darnell Nurse for Cross-checking.
17:47 of 3rd period - Max Reinhart wins face-off versus Kenndal McArdle in Monarchs zone.
17:47 of 3rd period - Snap shot by Ryan Strome.
17:47 of 3rd period - Shot Blocked by Will Butcher.
17:59 of 3rd period - Snap shot by Max Reinhart.
17:59 of 3rd period - Shot Blocked by Jake McCabe.
18:33 of 3rd period - Kenndal McArdle is hit by Brandon Gormley and loses puck.
19:34 of 3rd period - Morgan Rielly is hit by Max Reinhart and loses puck.
19:39 of 3rd period - Slapshot by Brandon Gormley.
19:39 of 3rd period - Deflect By Morgan Rielly.
19:39 of 3rd period - Stopped by Anders Lindback with a rebound.
19:41 of 3rd period - Snap shot by Pontus Aberg.
19:41 of 3rd period - Shot Blocked by Morgan Rielly.
19:45 of 3rd period - Wrist shot by Ryan Strome.
19:45 of 3rd period - Shot Misses the Net.
19:46 of 3rd period - Penalty to Darnell Nurse is over, Darnell Nurse is back on ice.
19:47 of 3rd period - Wrist shot by Ryan Strome.
19:47 of 3rd period - Deflect By Max Reinhart.
19:47 of 3rd period - Goal by Max Reinhart - Monarchs : 6 - Remparts : 3.
19:48 of 3rd period - Marko Dano wins face-off versus Max Reinhart in neutral zone.
Goals for this period are 3 for Monarchs vs 2 for Remparts.
Shots for this period are 13 for Monarchs vs 13 for Remparts.
Back to the Top